General information
- name: BNet
- type: Ladder team game (AT/RT)
- host: Battle.net
- saver: iggyiggyiggy
map: SunrockCove
- players: 6
- length: 49:20
- speed: Fast
- version: 1.21 W3XP
- replay type:

» download(328 KB)
Players
team 1 (loser)
FuriousWalter (
blue | 62 APM | 3065 actions | 49:13)
6 Blademaster
2 Wind Walk
3 Critical Strike
1 Bladestorm
4 Shadow Hunter
2 Healing Wave
2 Hex
» actions
| Assign group hotkey | 53 | |
| Basic commands | 47 | |
| Build / train | 94 | |
| ESC pressed | 1 | |
| Enter build submenu | 17 | |
| Enter hero's abilities submenu | 11 | |
| Give item / drop item | 3 | |
| Right click | 1324 | |
| Select / deselect | 600 | |
| Select group hotkey | 703 | |
| Use ability | 212 | |
3065 total
» units
| Peon | 13 | |
| Grunt | 5 | |
| Tauren | 17 | |
| Shaman | 13 | |
| Troll Witch Doctor | 6 | |
54 total
» upgrades
| Melee Weapons | 3 | |
| Shaman Training | 2 | |
| Pulverize | 1 | |
| Armor | 3 | |
| Spirit Walker Training | 1 | |
| Reinforced Defenses | 1 | |
| Witch Doctor Training | 2 | |
| Pillage | 1 | |
| Ranged Weapons | 1 | |
| Spiked Barricades | 1 | |
16 total
» buildings
| Altar of Storms | 1 | |
| Orc Burrow | 8 | |
| Barracks | 1 | |
| Voodoo Lounge | 1 | |
| Stronghold | 3 | |
| War Mill | 1 | |
| Spirit Lodge | 1 | |
| Fortress | 1 | |
| Great Hall | 2 | |
| Tauren Totem | 2 | |
21 total
» build order
00:05 Altar of Storms
00:11 Orc Burrow
00:53 Barracks
02:23 Orc Burrow
03:30 Orc Burrow
04:00 Voodoo Lounge
04:04 Stronghold
04:04 Stronghold
04:04 Stronghold
04:39 War Mill
06:28 Spirit Lodge
06:29 Fortress
08:01 Great Hall
08:40 Orc Burrow
09:01 Tauren Totem
09:06 Tauren Totem
10:05 Orc Burrow
11:12 Orc Burrow
13:41 Orc Burrow
19:15 Orc Burrow
25:38 Great Hall
» items
| Healing Salve | 2 | |
| Scroll of Speed | 1 | |
| Scroll of Town Portal | 2 | |
| Orb of Lightning | 1 | |
6 total

»
lmgay (
teal | 36 APM | 1754 actions | 49:19)
5 Archmage
3 Summon Water Elemental
2 Brilliance Aura
» actions
| Assign group hotkey | 21 | |
| Basic commands | 129 | |
| Build / train | 104 | |
| ESC pressed | 3 | |
| Enter build submenu | 41 | |
| Enter hero's abilities submenu | 5 | |
| Give item / drop item | 2 | |
| Right click | 628 | |
| Select / deselect | 551 | |
| Select group hotkey | 140 | |
| Use ability | 130 | |
1754 total
» units
| Peasant | 62 | |
| Footman | 4 | |
| Mortar Team | 4 | |
| Sorceress | 2 | |
| Dragonhawk Rider | 13 | |
| Goblin Zeppelin | 1 | |
86 total
» upgrades
| Sorceress Training | 1 | |
| Masonry | 2 | |
| Cloud | 1 | |
4 total
» buildings
| Barracks | 1 | |
| Altar of Kings | 1 | |
| Farm | 11 | |
| Lumber Mill | 2 | |
| Scout Tower | 10 | |
| Blacksmith | 1 | |
| Arcane Tower | 2 | |
| Guard Tower | 4 | |
| Keep | 1 | |
| Arcane Sanctum | 2 | |
| Workshop | 2 | |
| Arcane Vault | 1 | |
| Gryphon Aviary | 3 | |
| Town Hall | 2 | |
| Castle | 1 | |
44 total
» build order
01:02 Barracks
01:06 Altar of Kings
01:16 Farm
01:33 Farm
01:43 Lumber Mill
02:16 Scout Tower
02:18 Scout Tower
02:23 Blacksmith
02:28 Farm
02:31 Farm
02:49 Arcane Tower
03:36 Guard Tower
07:10 Scout Tower
07:13 Scout Tower
07:15 Scout Tower
07:24 Scout Tower
07:58 Guard Tower
08:05 Scout Tower
08:42 Guard Tower
08:45 Arcane Tower
08:54 Keep
09:08 Scout Tower
11:01 Guard Tower
11:20 Arcane Sanctum
11:24 Workshop
11:26 Workshop
11:28 Arcane Sanctum
12:53 Farm
12:55 Farm
13:05 Arcane Vault
14:45 Gryphon Aviary
15:49 Gryphon Aviary
16:04 Farm
16:05 Farm
17:09 Farm
17:10 Farm
17:11 Farm
18:01 Lumber Mill
18:38 Gryphon Aviary
26:19 Town Hall
26:30 Town Hall
34:28 Castle
42:04 Scout Tower
42:06 Scout Tower
stationarypaper (
green | 69 APM | 3403 actions | 49:07)
4 Archmage
2 Summon Water Elemental
2 Brilliance Aura
3 Mountain King
2 Storm Bolt
1 Bash
» actions
| Assign group hotkey | 32 | |
| Basic commands | 339 | |
| Build / train | 169 | |
| ESC pressed | 22 | |
| Enter build submenu | 62 | |
| Enter hero's abilities submenu | 7 | |
| Right click | 1281 | |
| Select / deselect | 616 | |
| Select group hotkey | 711 | |
| Use ability | 164 | |
3403 total
» units
| Peasant | 11 | |
| Flying Machine | 28 | |
| Mortar Team | 3 | |
| Goblin Zeppelin | 1 | |
| Siege Engine | 8 | |
| Gryphon Rider | 22 | |
73 total
» upgrades
| Masonry | 3 | |
| Lumber Harvesting | 2 | |
| Flak Cannons | 1 | |
| Gunpowder | 3 | |
| Barrage | 2 | |
| Flying Machine Bombs | 1 | |
| Plating | 2 | |
| Swords | 4 | |
| Storm Hammers | 1 | |
| Animal War Training | 1 | |
20 total
» buildings
| Blacksmith | 3 | |
| Lumber Mill | 2 | |
| Scout Tower | 20 | |
| Farm | 18 | |
| Guard Tower | 17 | |
| Keep | 7 | |
| Altar of Kings | 1 | |
| Workshop | 2 | |
| Castle | 5 | |
| Cannon Tower | 3 | |
| Town Hall | 1 | |
| Gryphon Aviary | 6 | |
| Barracks | 2 | |
87 total
» build order
00:19 Blacksmith
00:24 Blacksmith
00:56 Lumber Mill
01:42 Scout Tower
01:45 Scout Tower
01:47 Scout Tower
01:52 Scout Tower
01:55 Scout Tower
02:05 Farm
02:46 Guard Tower
02:56 Guard Tower
02:57 Guard Tower
02:57 Guard Tower
03:53 Guard Tower
03:53 Guard Tower
04:13 Guard Tower
04:48 Keep
04:48 Keep
04:48 Keep
04:59 Altar of Kings
05:09 Scout Tower
05:15 Scout Tower
05:16 Scout Tower
06:19 Farm
06:23 Farm
06:29 Guard Tower
06:42 Guard Tower
07:24 Workshop
07:36 Guard Tower
10:02 Farm
11:12 Castle
11:12 Castle
12:59 Farm
14:10 Scout Tower
14:12 Scout Tower
14:45 Scout Tower
14:47 Scout Tower
14:49 Scout Tower
15:25 Scout Tower
15:26 Scout Tower
15:27 Scout Tower
15:29 Scout Tower
16:09 Scout Tower
16:13 Scout Tower
16:16 Scout Tower
16:17 Guard Tower
16:18 Guard Tower
16:38 Cannon Tower
16:38 Cannon Tower
16:48 Cannon Tower
16:50 Guard Tower
16:51 Guard Tower
16:52 Guard Tower
17:02 Farm
17:03 Farm
19:28 Town Hall
22:04 Lumber Mill
22:55 Workshop
22:59 Farm
23:03 Farm
28:43 Farm
30:52 Gryphon Aviary
30:55 Gryphon Aviary
30:58 Gryphon Aviary
31:45 Gryphon Aviary
31:46 Gryphon Aviary
31:49 Gryphon Aviary
31:50 Blacksmith
34:09 Barracks
34:11 Barracks
34:15 Farm
34:17 Farm
35:01 Farm
35:04 Farm
36:14 Keep
36:14 Keep
36:14 Keep
38:39 Castle
38:55 Farm
38:57 Farm
40:06 Farm
40:09 Farm
team 2 (winner)
HIGHPERCH (
yellow | 109 APM | 5396 actions | 49:20)
9 Warden
3 Shadow Strike
3 Blink
3 Fan of Knives
7 Demon Hunter
3 Mana Burn
3 Evasion
1 Metamorphosis
» actions
| Assign group hotkey | 17 | |
| Basic commands | 14 | |
| Build / train | 112 | |
| Enter build submenu | 30 | |
| Enter hero's abilities submenu | 15 | |
| Give item / drop item | 9 | |
| Remove unit from queue | 26 | |
| Right click | 3229 | |
| Select / deselect | 561 | |
| Select group hotkey | 1120 | |
| Use ability | 263 | |
5396 total
» units
| Wisp | 24 | |
| Chimaera | 2 | |
| Goblin Zeppelin | 1 | |
| Hippogryph | 6 | |
33 total
» upgrades
| Ultravision | 1 | |
| Nature's Blessing | 1 | |
| Strength of the Wild | 3 | |
| Reinforced Hides | 3 | |
| Corrosive Breath | 1 | |
| Well Spring | 1 | |
| Backpack | 1 | |
11 total
» buildings
| Altar of Elders | 2 | |
| Moon Well | 11 | |
| Tree of Ages | 3 | |
| Hunter's Hall | 14 | |
| Ancient of Wind | 2 | |
| Tree of Eternity | 1 | |
| Ancient of Wonders | 4 | |
| Ancient Protector | 1 | |
| Chimaera Roost | 2 | |
| Tree of Life | 2 | |
42 total
» build order
00:09 Altar of Elders
00:18 Moon Well
00:50 Moon Well
03:22 Tree of Ages
03:22 Tree of Ages
04:07 Hunter's Hall
04:43 Moon Well
04:44 Moon Well
06:01 Ancient of Wind
08:22 Tree of Eternity
08:43 Ancient of Wonders
08:52 Ancient Protector
10:50 Chimaera Roost
10:52 Chimaera Roost
11:14 Tree of Life
11:49 Ancient of Wonders
11:53 Ancient of Wonders
14:16 Ancient of Wonders
22:59 Tree of Ages
27:58 Hunter's Hall
27:59 Hunter's Hall
28:00 Hunter's Hall
28:00 Hunter's Hall
28:01 Hunter's Hall
28:02 Hunter's Hall
28:04 Hunter's Hall
28:05 Hunter's Hall
28:06 Hunter's Hall
28:08 Hunter's Hall
28:08 Hunter's Hall
28:09 Hunter's Hall
28:10 Hunter's Hall
34:35 Altar of Elders
35:30 Moon Well
35:31 Moon Well
35:33 Moon Well
35:40 Moon Well
35:43 Moon Well
43:22 Moon Well
43:24 Moon Well
45:16 Ancient of Wind
45:41 Tree of Life
» items
| Boots of Speed | 2 | |
| Staff of Teleportation | 2 | |
| Orb of Venom | 2 | |
| Potion of Healing | 1 | |
| Scroll of Town Portal | 9 | |
| Staff of Sanctuary | 2 | |
18 total
iggyiggyiggy (
pink | 107 APM | 5276 actions | 49:20)
5 Archmage
3 Blizzard
2 Brilliance Aura
3 Mountain King
2 Thunder Clap
1 Storm Bolt
3 Paladin
2 Holy Light
1 Divine Shield
» actions
| Assign group hotkey | 157 | |
| Basic commands | 23 | |
| Build / train | 144 | |
| Enter build submenu | 73 | |
| Enter hero's abilities submenu | 12 | |
| Give item / drop item | 3 | |
| Remove unit from queue | 2 | |
| Right click | 2262 | |
| Select / deselect | 485 | |
| Select group hotkey | 1722 | |
| Use ability | 393 | |
5276 total
» units
| Peasant | 19 | |
| Sorceress | 2 | |
| Priest | 3 | |
| Goblin Zeppelin | 2 | |
26 total
» upgrades
| Masonry | 3 | |
| Lumber Harvesting | 2 | |
| Magic Sentry | 1 | |
| Sorceress Training | 2 | |
| Priest Training | 2 | |
10 total
» buildings
| Altar of Kings | 1 | |
| Lumber Mill | 1 | |
| Farm | 8 | |
| Scout Tower | 99 | |
| Arcane Tower | 5 | |
| Guard Tower | 31 | |
| Keep | 1 | |
| Arcane Vault | 4 | |
| Town Hall | 2 | |
| Castle | 1 | |
| Arcane Sanctum | 1 | |
154 total
» build order
00:06 Altar of Kings
00:18 Lumber Mill
00:27 Farm
01:07 Farm
01:20 Scout Tower
01:22 Scout Tower
01:48 Arcane Tower
01:49 Scout Tower
01:52 Arcane Tower
01:53 Scout Tower
02:13 Scout Tower
02:18 Guard Tower
02:18 Guard Tower
02:19 Scout Tower
03:36 Guard Tower
03:38 Guard Tower
03:39 Scout Tower
04:31 Keep
04:48 Guard Tower
04:50 Scout Tower
04:51 Scout Tower
05:08 Scout Tower
05:09 Scout Tower
05:10 Scout Tower
05:10 Scout Tower
05:19 Farm
05:22 Guard Tower
05:23 Scout Tower
05:53 Guard Tower
05:56 Scout Tower
05:57 Scout Tower
06:06 Guard Tower
06:25 Arcane Vault
06:27 Arcane Vault
06:30 Guard Tower
06:34 Arcane Vault
06:38 Scout Tower
06:40 Scout Tower
06:42 Scout Tower
06:44 Scout Tower
06:44 Scout Tower
06:49 Guard Tower
07:25 Guard Tower
07:28 Scout Tower
07:28 Scout Tower
08:22 Town Hall
08:26 Scout Tower
08:27 Scout Tower
08:28 Scout Tower
08:28 Scout Tower
08:29 Scout Tower
08:30 Scout Tower
08:32 Scout Tower
08:32 Scout Tower
08:33 Scout Tower
08:34 Scout Tower
08:35 Scout Tower
08:35 Scout Tower
08:41 Guard Tower
08:47 Scout Tower
09:13 Arcane Tower
09:18 Scout Tower
09:19 Scout Tower
10:25 Guard Tower
10:29 Guard Tower
10:42 Castle
11:34 Guard Tower
11:36 Scout Tower
11:39 Guard Tower
11:49 Scout Tower
11:50 Scout Tower
11:52 Scout Tower
11:53 Scout Tower
11:53 Scout Tower
11:54 Scout Tower
11:55 Scout Tower
11:56 Scout Tower
11:57 Scout Tower
11:58 Scout Tower
11:59 Scout Tower
12:00 Scout Tower
12:00 Scout Tower
12:01 Scout Tower
12:02 Scout Tower
12:03 Scout Tower
12:04 Scout Tower
12:32 Guard Tower
12:37 Arcane Sanctum
14:27 Guard Tower
14:28 Scout Tower
14:29 Scout Tower
14:31 Guard Tower
15:51 Guard Tower
17:00 Guard Tower
17:01 Arcane Vault
18:14 Scout Tower
18:15 Scout Tower
19:52 Guard Tower
21:07 Scout Tower
21:07 Scout Tower
21:12 Scout Tower
21:14 Scout Tower
21:15 Scout Tower
21:16 Scout Tower
21:16 Scout Tower
21:17 Scout Tower
24:27 Guard Tower
24:29 Guard Tower
33:22 Scout Tower
33:23 Scout Tower
33:25 Scout Tower
33:26 Scout Tower
33:27 Scout Tower
33:27 Scout Tower
33:30 Scout Tower
33:31 Scout Tower
33:32 Scout Tower
34:17 Guard Tower
34:19 Scout Tower
34:21 Scout Tower
34:21 Scout Tower
34:22 Scout Tower
34:23 Scout Tower
34:23 Scout Tower
34:44 Guard Tower
34:46 Scout Tower
34:47 Scout Tower
34:48 Scout Tower
34:48 Scout Tower
34:54 Guard Tower
35:36 Guard Tower
35:40 Guard Tower
36:15 Guard Tower
36:17 Scout Tower
36:18 Scout Tower
36:18 Scout Tower
36:19 Scout Tower
36:44 Town Hall
37:15 Guard Tower
38:42 Scout Tower
42:13 Farm
42:17 Farm
42:19 Farm
42:35 Scout Tower
42:37 Scout Tower
42:38 Scout Tower
42:38 Scout Tower
42:40 Scout Tower
42:41 Scout Tower
42:41 Scout Tower
42:43 Farm
42:44 Farm
44:15 Arcane Tower
44:23 Arcane Tower
» items
| Scroll of Regeneration | 8 | |
| Scroll of Town Portal | 11 | |
| Lesser Clarity Potion | 8 | |
| Potion of Mana | 7 | |
| Potion of Healing | 11 | |
| Staff of Sanctuary | 3 | |
| Orb of Venom | 3 | |
| Staff of Preservation | 1 | |
52 total
TIMG4STRok (
red | 66 APM | 3255 actions | 49:20)
4 Archmage
2 Blizzard
2 Brilliance Aura
3 Blood Mage
2 Flame Strike
1 Banish
3 Goblin Tinker
2 Cluster Rockets
1 Engineering Upgrade
» actions
| Assign group hotkey | 4 | |
| Basic commands | 157 | |
| Build / train | 62 | |
| ESC pressed | 2 | |
| Enter build submenu | 105 | |
| Enter hero's abilities submenu | 10 | |
| Give item / drop item | 2 | |
| Right click | 1615 | |
| Select / deselect | 260 | |
| Select group hotkey | 661 | |
| Use ability | 377 | |
3255 total
» units
» upgrades
» buildings
| Altar of Kings | 3 | |
| Lumber Mill | 69 | |
| Farm | 6 | |
| Scout Tower | 102 | |
| Arcane Tower | 2 | |
| Guard Tower | 7 | |
| Town Hall | 2 | |
| Keep | 1 | |
| Castle | 1 | |
| Arcane Vault | 3 | |
196 total
» build order
00:12 Altar of Kings
00:25 Lumber Mill
00:37 Farm
01:17 Scout Tower
01:20 Scout Tower
01:33 Farm
01:44 Arcane Tower
01:44 Arcane Tower
02:03 Guard Tower
02:09 Scout Tower
03:40 Guard Tower
03:43 Scout Tower
03:44 Scout Tower
03:45 Scout Tower
03:46 Scout Tower
03:49 Scout Tower
03:50 Scout Tower
04:15 Guard Tower
04:50 Guard Tower
04:53 Town Hall
06:19 Keep
08:43 Castle
09:01 Arcane Vault
09:02 Arcane Vault
09:03 Arcane Vault
10:53 Altar of Kings
10:53 Altar of Kings
14:23 Lumber Mill
14:24 Lumber Mill
14:30 Lumber Mill
14:31 Lumber Mill
14:33 Lumber Mill
14:35 Lumber Mill
14:36 Lumber Mill
14:38 Lumber Mill
14:40 Lumber Mill
14:41 Lumber Mill
14:45 Lumber Mill
14:49 Lumber Mill
14:51 Lumber Mill
14:54 Lumber Mill
14:55 Lumber Mill
14:56 Lumber Mill
15:50 Lumber Mill
15:54 Lumber Mill
15:55 Lumber Mill
15:58 Lumber Mill
16:03 Lumber Mill
16:16 Lumber Mill
16:17 Lumber Mill
16:19 Lumber Mill
16:20 Lumber Mill
16:21 Lumber Mill
16:22 Lumber Mill
16:23 Lumber Mill
16:25 Lumber Mill
16:26 Lumber Mill
16:28 Lumber Mill
16:29 Lumber Mill
16:30 Lumber Mill
16:32 Lumber Mill
16:33 Lumber Mill
16:35 Lumber Mill
16:37 Lumber Mill
16:39 Lumber Mill
16:40 Lumber Mill
16:42 Lumber Mill
16:44 Lumber Mill
21:08 Lumber Mill
21:09 Lumber Mill
21:10 Lumber Mill
21:11 Lumber Mill
21:12 Lumber Mill
21:14 Lumber Mill
21:17 Lumber Mill
22:17 Lumber Mill
22:19 Lumber Mill
22:23 Lumber Mill
22:27 Lumber Mill
22:28 Lumber Mill
22:29 Lumber Mill
22:31 Lumber Mill
22:32 Lumber Mill
22:35 Lumber Mill
22:37 Lumber Mill
28:22 Lumber Mill
28:23 Lumber Mill
28:26 Lumber Mill
28:27 Lumber Mill
28:28 Lumber Mill
28:36 Lumber Mill
28:55 Lumber Mill
28:55 Lumber Mill
28:57 Lumber Mill
28:58 Lumber Mill
34:25 Scout Tower
34:25 Scout Tower
34:26 Scout Tower
34:27 Scout Tower
34:27 Scout Tower
34:28 Scout Tower
34:29 Scout Tower
34:30 Scout Tower
34:31 Scout Tower
34:33 Scout Tower
34:34 Scout Tower
34:34 Scout Tower
34:36 Scout Tower
34:39 Scout Tower
34:40 Scout Tower
35:59 Scout Tower
36:00 Scout Tower
36:03 Scout Tower
36:04 Scout Tower
36:04 Scout Tower
36:05 Scout Tower
36:53 Scout Tower
36:55 Scout Tower
36:57 Scout Tower
36:57 Scout Tower
36:59 Scout Tower
37:00 Scout Tower
37:01 Scout Tower
37:02 Scout Tower
37:03 Scout Tower
37:04 Scout Tower
37:05 Scout Tower
37:07 Scout Tower
37:09 Scout Tower
37:11 Scout Tower
37:13 Scout Tower
37:17 Scout Tower
37:25 Scout Tower
37:33 Scout Tower
37:35 Scout Tower
38:11 Scout Tower
38:14 Scout Tower
38:23 Scout Tower
38:25 Scout Tower
38:45 Scout Tower
38:47 Scout Tower
38:52 Scout Tower
38:55 Scout Tower
38:56 Scout Tower
38:57 Scout Tower
39:24 Scout Tower
39:26 Scout Tower
39:31 Scout Tower
39:36 Scout Tower
39:40 Farm
39:41 Farm
39:45 Farm
39:46 Farm
39:50 Scout Tower
39:51 Scout Tower
40:23 Scout Tower
40:27 Scout Tower
40:34 Scout Tower
40:36 Scout Tower
40:38 Scout Tower
40:51 Scout Tower
40:58 Scout Tower
40:59 Scout Tower
41:06 Scout Tower
41:15 Scout Tower
41:21 Scout Tower
41:28 Scout Tower
41:30 Scout Tower
41:32 Scout Tower
41:49 Scout Tower
41:51 Scout Tower
41:55 Scout Tower
42:03 Scout Tower
42:10 Scout Tower
42:13 Scout Tower
42:38 Scout Tower
42:56 Scout Tower
42:58 Scout Tower
42:59 Scout Tower
43:00 Scout Tower
43:00 Scout Tower
43:02 Scout Tower
43:03 Scout Tower
43:07 Scout Tower
43:08 Scout Tower
43:09 Scout Tower
43:10 Scout Tower
43:10 Scout Tower
43:12 Scout Tower
43:33 Scout Tower
43:51 Scout Tower
44:28 Scout Tower
46:19 Guard Tower
46:20 Guard Tower
46:22 Guard Tower
48:37 Town Hall
» items
| Staff of Teleportation | 3 | |
| Boots of Speed | 3 | |
| Staff of Sanctuary | 6 | |
| Orb of Venom | 3 | |
| Potion of Invisibility | 1 | |
| Potion of Mana | 1 | |
| Lesser Clarity Potion | 1 | |
| Potion of Healing | 3 | |
21 total
Chat log
(00:20 / All) TIMG4STRok: ITS TEE TIME BOIYS
(00:27 / All) HIGHPERCH: Timg 4 T
(00:35 / All) FuriousWalter: TIMG?!
(00:37 / All) FuriousWalter: AHAHAHHAHA'
(00:39 / All) lmgay: T2O?
(00:39 / All) FuriousWalter: HAHAHAHAH
(00:41 / All) TIMG4STRok: huh
(00:46 / All) TIMG4STRok: do i know u?
(00:47 / All) stationarypaper: time 2 own
(00:54 / All) iggyiggyiggy: time 2 bone ur butt
(00:55 / All) TIMG4STRok: time 2 lose ( for u)
(00:59 / All) lmgay: mmm
(01:12 / All) TIMG4STRok: hoiw many dicks one shitnoob team gonna suck in a game, we find it NOW
(01:14 / All) TIMG4STRok: out***
(01:56 / All) TIMG4STRok: u guys malayanesian?
(02:04 / All) FuriousWalter: we are not filthy gooks
(02:11 / All) HIGHPERCH: wow racist
(02:13 / All) FuriousWalter: if thats what u mean
(02:18 / All) TIMG4STRok: i hail from a willage called malayanese
(02:46 / Allies) TIMG4STRok: ROFL
(02:49 / All) TIMG4STRok: rFOL
(02:49 / All) HIGHPERCH: ROFL
(03:56 / Allies) iggyiggyiggy: my hero is dead i will tell a story involving malaysia
(04:27 / Allies) iggyiggyiggy: my dad is an economist and did work with an american who had a malaysian wife
(04:44 / Allies) iggyiggyiggy: a few years later turns out that american was a spy
(04:45 / Allies) iggyiggyiggy: the end
(04:59 / Allies) iggyiggyiggy: true stories from the world of economists
(07:36 / All) TIMG4STRok: u guys clan tower? or something
(07:43 / All) stationarypaper: yes
(07:48 / All) stationarypaper: thats what we are
(07:50 / All) stationarypaper: clan tower
(08:02 / All) TIMG4STRok: Why
(08:18 / All) FuriousWalter: u guys clan niggerlovers?
(08:28 / All) TIMG4STRok: why you shit on me
(08:38 / All) iggyiggyiggy: shit on my people...
(08:45 / All) stationarypaper: __
(08:48 / All) stationarypaper: !__!__
(08:50 / All) stationarypaper: __! !
(08:54 / All) FuriousWalter: nothing againts you its just the color of ur rotten ass skin
(08:54 / All) iggyiggyiggy: why be shy why be humble
(08:58 / All) iggyiggyiggy: I just came straight out the jungle
(09:15 / All) HIGHPERCH: General Managing: ban attem 1 moth trial
(10:50 / All) TIMG4STRok: u want axe
(21:41 / All) HIGHPERCH: man
(21:42 / All) HIGHPERCH: you guys
(21:44 / All) HIGHPERCH: bad at this game
(36:51 / All) iggyiggyiggy: Heyho
(39:27 / All) iggyiggyiggy: Not my castle please
(40:57 / All) iggyiggyiggy: damn
(41:00 / All) iggyiggyiggy: How did you lose this game :(
(45:01 / All) TIMG4STRok: stop no
(45:03 / All) TIMG4STRok: its friendly
(45:06 / All) TIMG4STRok: its just a maze
(45:09 / All) TIMG4STRok: stop
(46:43 / All) HIGHPERCH: tge friendly maze
(46:43 / All) HIGHPERCH: turns
(46:44 / All) HIGHPERCH: into
(46:46 / All) HIGHPERCH: a nightmare
(47:13 / All) lmgay: AHHHH
(49:10 / All) HIGHPERCH: bye
(49:14 / All) TIMG4STRok: it didnt have to be this way